Map: Babylon LE

Players

ByuN - Winner!

  • Race: Terran Terran
  • Spawn Location: 11:00

Eleven

  • Race: Zerg Zerg
  • League: Master
  • Spawn Location: 5:00

VOD

Have the link to the VOD?

Description

Time

  • Played on: Sept. 4, 2023, 7 p.m.
  • Length: 6:33
Show
View Real Time Build Order
Export as new Build Order

ByuN Terran - Winner!

Build Orders:  

Get SALT Encoding   

  12  0:00  SCV  
  13  0:12  SCV  
  14  0:17  Supply Depot  
  14  0:24  SCV  
  15  0:39  SCV  
  15  0:42  Barracks  
  16  0:44  Refinery  
  16  0:51  SCV  
  17  0:59  Barracks  
  17  1:03  SCV  
  18  1:15  SCV  
  19  1:29  Orbital Command, Reaper  
  20  1:33  Supply Depot  
  20  1:46  Reaper  
  21  1:54  SCV  
  22  2:02  Reaper  
  22  2:06  SCV  
  24  2:14  Command Center  
  24  2:18  SCV  
  25  2:23  Refinery  
  25  2:31  SCV  
  26  2:43  SCV  
  27  2:47  Factory  
  27  2:55  SCV  
  28  2:59  Command Center, Barracks Reactor  
  28  3:02  Barracks Tech Lab  
  28  3:07  SCV  
  29  3:19  SCV  
  30  3:22  Marine  
  31  3:29  Orbital Command  
  31  3:31  SCV, Factory Reactor  
  31  3:32  Starport  
  32  3:37  Marine x2  
  32  3:40  Marine  
  35  3:46  SCV  
  36  3:54  Marine  
  36  3:55  Marine  
  38  3:57  SCV  
  38  3:58  SCV, Stimpack  
  41  4:09  SCV  
  44  4:10  SCV  
  44  4:11  Hellion  
  44  4:12  Hellion  
  44  4:14  Orbital Command  
  46  4:20  Liberator  
  46  4:23  SCV  
  50  4:25  SCV  
  50  4:29  Supply Depot  
  51  4:35  Hellion x2  
  51  4:37  Marine  
  51  4:38  Marine x2  
  57  4:41  SCV x2  
  57  4:43  SCV  
  61  4:51  Supply Depot  
  61  4:53  SCV x2  
  61  4:55  SCV  
  61  4:56  Marine x3  
  67  5:03  Engineering Bay  
  67  5:04  Engineering Bay  
  67  5:07  SCV x2  
  67  5:13  SCV  
  70  5:14  Refinery  
  70  5:15  Supply Depot  
  70  5:18  Marine  
  70  5:19  SCV x2, Marine x2  
  75  5:23  Medivac  
  77  5:36  SCV, Medivac  
  77  5:40  SCV, Marine x2  
  77  5:41  Marine  
  82  5:43  Orbital Command  
  82  5:47  Factory Reactor  
  79  5:52  SCV x2, Barracks  
  79  5:53  Barracks  
  79  5:55  Barracks  
  78  6:01  Supply Depot  
  78  6:02  Refinery, Marine x3  
  78  6:04  SCV x2  
  85  6:20  SCV  
  85  6:25  Supply Depot  
  85  6:27  Supply Depot  
Show
View Real Time Build Order
Export as new Build Order

Eleven Zerg 

Build Orders: Hatch First 

Get SALT Encoding   

  12  0:09  Drone  
  12  0:12  Overlord  
  13  0:17  Drone  
  14  0:31  Drone x2  
  16  0:42  Drone  
  17  0:53  Hatchery  
  17  0:55  Drone  
  17  1:03  Drone  
  18  1:09  Extractor  
  17  1:17  Spawning Pool, Drone  
  17  1:24  Drone  
  18  1:35  Drone  
  19  1:51  Drone  
  20  2:03  Zergling x2  
  20  2:04  Queen  
  20  2:06  Queen  
  20  2:07  Zergling x2  
  26  2:12  Zergling x2  
  27  2:17  Metabolic Boost  
  27  2:24  Spore Crawler  
  26  2:31  Drone x2  
  26  2:32  Overlord  
  27  2:50  Queen  
  29  2:51  Drone  
  29  2:52  Overlord  
  29  2:53  Zergling x4  
  29  2:54  Zergling x2  
  33  3:00  Zergling x2  
  33  3:14  Drone x2  
  33  3:19  Hatchery  
  34  3:25  Drone x5  
  39  3:30  Queen  
  41  3:34  Overlord  
  40  3:54  Zergling x4  
  40  3:55  Zergling x4, Drone  
  41  4:01  Drone x3  
  41  4:02  Drone x3  
  48  4:09  Baneling Nest  
  47  4:15  Drone x2  
  49  4:20  Queen  
  51  4:25  Overlord x2  
  51  4:27  Lair  
  51  4:30  Drone  
  52  4:40  Overlord x2  
  52  4:41  Drone x4  
  55  4:59  Queen  
  57  5:00  Spore Crawler  
  57  5:01  Drone x5  
  57  5:02  Drone x2  
  57  5:03  Drone  
  57  5:04  Zergling x6  
  57  5:05  Spore Crawler  
  66  5:09  Queen  
  66  5:13  Zergling x4  
  70  5:18  Drone x4  
  66  5:43  Drone x5  
  66  5:47  Zergling x14, Overlord  
  66  5:48  Baneling x2  
  77  5:53  Zergling x4  
  77  5:54  Queen  
  81  5:57  Overlord  
  81  5:58  Extractor  
  81  5:59  Extractor  
  81  6:02  Zergling x2  
  81  6:03  Overseer  
  82  6:06  Baneling  
  82  6:11  Overlord  
  82  6:18  Evolution Chamber x2  
Tags
 
League
Master
Matchup
TvZ
Player
ByuN
Spawn Locations
Cross Positions
Add a new tag
Caveats
  • Supply blocks, unpowered buildings, or Contaminate may cause inaccurate times.
  • Supply counts are checked every 10 seconds.